Map: King Sejong Station LE

Players

Abricoragzi

  • Race: Terran Terran
  • League: Master

Miszu - Winner!

  • Race: Protoss Protoss
  • League: Master

VOD

Have the link to the VOD?

Description

Time

  • Played on: July 1, 2016, 7:09 p.m.
  • Length: 6:54
Show
View Real Time Build Order
Export as new Build Order

Abricoragzi Terran 

Build Orders:  

Get SALT Encoding   

  12  0:00  SCV  
  13  0:12  SCV  
  14  0:17  Supply Depot  
  14  0:24  SCV  
  15  0:38  SCV  
  15  0:40  Barracks  
  16  0:46  Refinery  
  16  0:56  Engineering Bay  
  16  1:00  SCV  
  17  1:12  SCV  
  18  1:30  Orbital Command  
  18  1:32  Supply Depot  
  18  1:34  Barracks Reactor  
  18  1:42  Barracks  
  18  1:52  Refinery  
  18  1:56  SCV  
  19  2:09  Marine  
  19  2:10  Marine  
  19  2:14  Factory  
  21  2:16  SCV  
  22  2:27  Marine x2  
  22  2:28  SCV  
  25  2:30  Barracks Tech Lab  
  25  2:38  Supply Depot  
  25  2:45  Marine x2  
  25  2:50  Stimpack  
  27  2:54  SCV  
  28  3:03  Starport  
  27  3:07  Marine  
  27  3:09  Marine  
  29  3:13  Factory Reactor  
  29  3:16  Marine  
  30  3:20  SCV  
  30  3:25  Marine  
  32  3:31  Marine  
  32  3:32  SCV  
  32  3:33  Marine  
  33  3:44  Marine  
  33  3:45  Barracks  
  34  3:55  Marine x2  
  36  4:00  Factory Reactor  
  36  4:05  Engineering Bay, Marine  
  36  4:08  SCV  
  37  4:23  Medivac  
  39  4:29  SCV  
  39  4:34  Medivac  
  39  4:37  Marine  
  41  4:38  Marine  
  41  4:40  Marine  
  37  5:02  Supply Depot  
  32  5:24  Marine  
  32  5:25  Marine  
  28  5:30  Marine x2  
  29  5:42  Marine  
  30  5:43  Marine  
  30  5:48  Marine x2, SCV  
  26  6:00  Marine x2  
  28  6:06  Marine x2  
  31  6:11  SCV  
  31  6:24  Marine  
  25  6:34  Marine  
  25  6:36  Marine  
Show
View Real Time Build Order
Export as new Build Order

Miszu Protoss - Winner!

Build Orders: Oracle Opening 

Get SALT Encoding   

  12  0:01  Probe (Chrono Boost)  
  13  0:11  Probe (Chrono Boost)  
  14  0:17  Pylon  
  14  0:22  Probe (Chrono Boost)  
  15  0:35  Probe (Chrono Boost)  
  16  0:36  Gateway  
  16  0:41  Assimilator  
  16  0:46  Probe (Chrono Boost)  
  17  0:51  Assimilator  
  17  0:56  Probe (Chrono Boost)  
  18  1:07  Probe (Chrono Boost)  
  19  1:18  Probe (Chrono Boost)  
  20  1:21  Pylon  
  20  1:24  Cybernetics Core  
  20  1:29  Probe (Chrono Boost)  
  22  1:40  Probe (Chrono Boost)  
  22  1:50  Probe (Chrono Boost)  
  23  2:00  Stargate  
  23  2:04  Stalker (Chrono Boost)  
  23  2:05  Warp Gate  
  25  2:15  Pylon  
  25  2:33  Stalker (Chrono Boost)  
  27  2:42  Gateway  
  27  2:43  Gateway  
  27  2:47  Oracle (Chrono Boost)  
  30  2:55  Pylon  
  30  3:05  Mothership Core  
  32  3:19  Void Ray (Chrono Boost)  
  36  3:38  Pylon  
  36  3:52  Pylon  
  36  3:56  Void Ray (Chrono Boost)  
  35  4:18  Stalker  
  35  4:20  Stalker x2  
  41  4:42  Stalker  
  41  4:55  Stalker  
  41  4:56  Stalker  
  45  5:06  Zealot  
  47  5:11  Pylon  
  44  5:31  Stalker  
  44  5:32  Zealot x2  
  44  5:33  Void Ray (Chrono Boost)  
  52  5:58  Stalker x3  
  50  6:40  Stalker  
  50  6:41  Stalker x2  
Tags
 
Add a new tag
Caveats
  • Supply blocks, unpowered buildings, or Contaminate may cause inaccurate times.
  • Supply counts are checked every 10 seconds.